 Dungeon Crawl Stone Soup version 0.28-a0-511-gcc94558de3 (webtiles) character file.

Game seed: 18080006481196388310

115 HoaS the Twirler (level 5, -1/30 HPs)
             Began as a Gargoyle Gladiator on Sept 21, 2021.
             Slain by Grinder (2 damage)
             ... while paralysed by Grinder
             ... on level 4 of the Dungeon.
             The game lasted 00:08:43 (2904 turns).

HoaS the Twirler (Gargoyle Gladiator)               Turns: 2904, Time: 00:08:43

Health: -1/30      AC: 10    Str: 18    XL:     5   Next: 0%
Magic:  5/5        EV:  2    Int:  9    God:
Gold:   134        SH:  0    Dex: 11    Spells: 4/4 levels left

rFire   . . .      SeeInvis .   w - +1 quarterstaff
rCold   . . .      Faith    .   (shield currently unavailable)
rNeg    + . .      Spirit   .   l - +0 ring mail
rPois   ∞          Reflect  .   c - +0 helmet
rElec   +          Harm     .   (no cloak)
rCorr   .          Rampage  .   (no gloves)
Will    .....                   (no boots)
Stlth   +.........              (no amulet)
HPRegen 0.10/turn               (no ring)
MPRegen 0.09/turn               (no ring)

@: paralysed
A: sickness immunity, AC +4, negative energy resistance 1, electricity
resistance, torment resistance 1, petrification resistance
a: no special abilities


You were on level 4 of the Dungeon.
You visited 1 branch of the dungeon, and saw 4 of its levels.

You collected 134 gold pieces.

Inventory:

Hand Weapons
 q - a +2 fustibalus of flaming
 w - a +1 quarterstaff (weapon)
Missiles
 d - a throwing net (quivered)
 h - 4 poisoned darts
 k - 22 arrows
 m - 38 sling bullets
Armour
 c - a +0 helmet (worn)
 l - a +0 ring mail (worn)
Wands
 b - a wand of flame (24)
 e - a wand of paralysis (5)
Potions
 f - a potion of attraction
 g - 2 potions of curing
 i - 3 potions of heal wounds


   Skills:
 - Level 2.1 Fighting
 + Level 5.5 Staves
 - Level 1.7 Throwing
 - Level 2.4 Dodging


You had 4 spell levels left.
You didn't know any spells.
Your spell library contained the following spells:

 Spells                   Type           Power      Damage    Failure   Level
 Blink                    Tloc           N/A        N/A       73%         2
 Ensorcelled Hibernation  Hex/Ice        0%         N/A       73%         2
 Lesser Beckoning         Tloc           0%         N/A       91%         3
 Tukima's Dance           Hex            0%         N/A       91%         3
 Manifold Assault         Tloc           0%         N/A       100%        5


Dungeon Overview and Level Annotations

Branches:
Dungeon (4/15)
 Temple: D:4-7

Altars:

Annotations:
D:4 Grinder


Innate Abilities, Weirdness & Mutations

You are immune to sickness and miasma.
Your stone body is resilient. (AC +4)
You are immune to poison.
You resist negative energy. (rN+)
You are resistant to electric shocks. (rElec)
You are resistant to unholy torment.
You are immune to petrification.


Message History

You hit Grinder.
Grinder is severely wounded.
Grinder closely misses you.
You barely miss Grinder.
Grinder is severely wounded.
Grinder barely misses you.
You closely miss Grinder.
Grinder is severely wounded.
Grinder hits you but does no damage.
You barely miss Grinder.
Grinder is severely wounded.
Grinder blinks!
Grinder gestures at you.
You suddenly lose the ability to move!
Grinder blinks!
You can move again.
Grinder gestures at you. You resist with significant effort.
Grinder closely misses you.
You closely miss Grinder.
Grinder is severely wounded.
Grinder closely misses you.
You completely miss Grinder.
Grinder is severely wounded.
Grinder hits you.
You writhe in agony.
You hit Grinder but do no damage.
Grinder is severely wounded.
Grinder gestures at you.
You suddenly lose the ability to move!
Grinder gestures at you. Pain shoots through your body! Grinder hits you.
* * * LOW HITPOINT WARNING * * *
You writhe in agony.
* * * LOW HITPOINT WARNING * * *
Grinder hits you but does no damage. Grinder hits you.
* * * LOW HITPOINT WARNING * * *
You writhe in agony.
You die...

#.##.#.#
#.##.#.#
#.##.#.#
#.##.#.#
#.##.#.#
#######.##.#
...........#
###########.####
####..@5.......#
#....###########
#.####
#.########
#.((......
##########


You could see Grinder.

Vanquished Creatures
  A hound skeleton (D:2)
  2 adders (D:3)
  3 worms
  5 dart slugs
  An orc (D:2)
  3 bats
  6 endoplasms
  6 hobgoblins
  6 jackals
  6 kobolds
  3 quokkas (D:1)
  5 ball pythons
  2 frilled lizards (D:2)
  8 goblins
  3 rats
60 creatures vanquished.

Vanquished Creatures (others)
  A plant (D:1)
1 creature vanquished.

Grand Total: 61 creatures vanquished

Notes
Turn   | Place    | Note
-------+----------+-------------------------------------------
     0 | D:1      | HoaS the Gargoyle Gladiator began the quest for the Orb.
     0 | D:1      | Reached XP level 1. HP: 12/12 MP: 1/1
   244 | D:1      | Reached XP level 2. HP: 17/17 MP: 2/2
   367 | D:1      | Reached skill level 4 in Staves
   415 | D:1      | Reached XP level 3. HP: 8/21 MP: 3/3
   629 | D:1      | Found a faded altar of an unknown god.
  1370 | D:2      | Reached XP level 4. HP: 24/26 MP: 4/4
  1498 | D:2      | Reached skill level 5 in Staves
  2550 | D:3      | Reached XP level 5. HP: 30/30 MP: 5/5
  2868 | D:4      | Noticed Grinder
  2879 | D:4      | Paralysed by Grinder for 2 turns
  2888 | D:4      | Paralysed by Grinder for 5 turns
  2900 | D:4      | Paralysed by Grinder for 6 turns
  2904 | D:4      | HP: 1/30 [Grinder (4)]
  2904 | D:4      | Slain by Grinder

Illustrated notes

Levels and vault maps discovered:
D:1:      dpeg_arrival_brainrot, layout_loops_ring,
          hellmonk_ecumenical_altar_crossroads, serial_bayou_lake_a
D:2:      layout_loops_cross, minmay_pentomino_t4
D:3:      layout_basic
D:4:      layout_basic, nicolae_hepliaklqana_hippocampus,
          gammafunk_temple_overflow_statue, minmay_temple_entry_glassed_door,
          uniq_robin, uniq_grinder, uniq_sigmund

Skill      XL: |  1  2  3  4 |
---------------+-------------+-----
Staves         | 4 5 |  5.5
Fighting       | |  2.1
Throwing       | |  1.7
Dodging        | |  2.4

Action                   |  1- 3 |  4- 6 || total
-------------------------+-------+-------++-------
Melee: Quarterstaff      |    94 |    39 ||   133
 Fire: Fustibalus        |       |    43 ||    43
Throw: Throwing net      |     3 |     2 ||     5
  Use: Scroll            |     2 |     6 ||     8
Armor: Leather armour    |    46 |     5 ||    51
       Ring mail         |       |     8 ||     8
Dodge: Dodged            |    58 |    19 ||    77

Table legend: (Time is in decaauts)
 A = Elapsed time spent in this place.
 B = Non-inter-level travel time spent in this place.
 C = Inter-level travel time spent in this place.
 D = Time resting spent in this place.
 E = Time spent auto-exploring this place.
 F = Levels seen in this place.
 G = Mean time per level.
                   A        B        C        D        E       F      G
               +--------+--------+--------+--------+--------+-----+--------+
         Total |   2973 |   2807 |    166 |    347 |   1941 |   4 |  743.2 |
       Dungeon |   2973 |   2807 |    166 |    347 |   1941 |   4 |  743.2 |
               +--------+--------+--------+--------+--------+-----+--------+

Top non-repeatable levels by time:
     D:1: 1361 daAuts
     D:2: 805 daAuts
     D:3: 722 daAuts
     D:4: 84 daAuts
